 Dungeon Crawl Stone Soup version 0.28-a0-556-gab23d0e057 (webtiles) character file.

Game seed: 13261599786086668505

13340 Leszczynek the Cleaver (level 12, -6/103 HPs)
             Began as a Human Gladiator on Sept 27, 2021.
             Was an Elder of Trog.
             Mangled by a fire elemental (10 damage)
             ... summoned by a deep elf pyromancer
             ... on level 12 of the Dungeon on Sept 28, 2021.
             The game lasted 00:38:28 (4906 turns).

Leszczynek the Cleaver (Human Gladiator)            Turns: 4906, Time: 00:38:29

Health: -6/103     AC: 18    Str: 18    XL:     12   Next: 31%
Magic:  12/12      EV: 11    Int:  8    God:    Trog [****..]
Gold:   577        SH:  5    Dex: 17    Spells: 11/11 levels left

rFire   . . .      SeeInvis .   a - +0 war axe
rCold   . . .      Faith    .   y - +0 buckler
rNeg    . . .      Spirit   .   p - +6 scale mail "Qidymm" {Harm Drain Regen+}
rPois   .          Reflect  .   (helmet restricted)
rElec   .          Harm     +   I - +2 cloak {Will+}
rCorr   .          Rampage  .   r - +1 pair of gloves
Will    +....                   (no boots)
Stlth   +.........              (no amulet)
HPRegen 1.27/turn               (no ring)
MPRegen 0.13/turn               (no ring)

@: on berserk cooldown, slowed, very slow
A: horns 1, subdued magic 1, sturdy frame 1
a: Renounce Religion, Berserk, Trog's Hand, Brothers in Arms


You were on level 12 of the Dungeon.
You worshipped Trog.
Trog was greatly pleased with you.
You visited 1 branch of the dungeon, and saw 12 of its levels.

You collected 577 gold pieces.

Inventory:

Hand Weapons
 a - a +0 war axe (weapon)
 b - a +0 hunting sling
 c - a +0 long sword
 v - the +5 hand axe of Nuuxkir {holy, Drain rC- Dex+8 SInv}
   (You took it off a kobold on level 9 of the Dungeon)

   It has been blessed by the Shining One to cause great damage to the undead
   and demons.
   Dex:       It affects your dexterity (+8).
   rC:        It makes you vulnerable to cold.
   SInv:      It lets you see invisible.
   Drain:     It drains your maximum health when unequipped.
Missiles
 f - 64 poisoned darts
 h - a curare-tipped dart
 k - 81 sling bullets
 z - a throwing net (quivered)
Armour
 p - the +6 scale mail "Qidymm" (worn) {Harm Drain Regen+}
   (You found it on level 4 of the Dungeon)

   Regen:     It increases your rate of health regeneration.
   Drain:     It drains your maximum health when unequipped.
   Harm:      It increases damage dealt and taken.
 r - a +1 pair of gloves (worn)
 y - a +0 buckler (worn)
 I - a +2 cloak of willpower (worn)
Jewellery
 j - a ring of ice
Wands
 d - a wand of paralysis (19)
 e - a wand of flame (35)
 o - a wand of digging (17)
 s - a wand of iceblast (4)
 B - a wand of charming (12)
 G - a wand of mindburst (6)
Scrolls
 i - a scroll of enchant weapon {unknown}
 n - 2 scrolls of amnesia
 t - a scroll of holy word {!r}
 w - a scroll of brand weapon {unknown}
 E - a scroll of acquirement {unknown}
Potions
 g - 2 potions of berserk rage {!q}
 l - 4 potions of curing {@q1}
 m - a potion of invisibility
 u - a potion of lignification {unknown}
 D - 2 potions of might {unknown}
 F - a potion of magic {unknown}
 H - a potion of attraction {unknown}
Miscellaneous
 A - a lightning rod (4/4)


   Skills:
 + Level 12.5 Fighting
 - Level 13.7 Axes
 - Level 2.0 Throwing
 - Level 3.0 Armour
 - Level 3.0 Dodging
 - Level 4.0 Shields


You had 11 spell levels left.
You didn't know any spells.
Your spell library contained the following spells:

 Spells                   Type           Power      Damage    Failure   Level
 Cause Fear               Hex            0%         N/A       100%        4
 Dragon Form              Tmut           0%         N/A       100%        7
 Dragon's Call            Summ           0%         N/A       100%        9


Dungeon Overview and Level Annotations

Branches:
Dungeon (12/15)              Lair (0/6) D:9
 Temple: D:4-7          Orc: D:9-12

Altars:
Fedhas
Nemelex Xobeh
Qazlal
Ru
Trog
Vehumet
Xom
Yredelemnul
The Shining One

Portals:
Gauntlet: D:12

Annotations:
D:3 Grinder, Natasha
D:4 2 transporters, Megustar's ghost, amateur DEFE


Innate Abilities, Weirdness & Mutations

You have a pair of small horns on your head.
Your spells are a little easier to cast, but a little less powerful.
Your movements are slightly less encumbered by armour. (ER -2)


Message History

You are covered in liquid flames!
Okay, then.
You are covered in liquid flames!
The deep elf pyromancer gestures at you while chanting.
The bolt of fire hits you!!
The deep elf pyromancer gestures wildly while chanting.
You closely miss the deep elf pyromancer.
You headbutt the deep elf pyromancer.
The deep elf pyromancer is lightly wounded.
You are covered in liquid flames!
You are no longer on fire.
The deep elf pyromancer misses you.
You feel much better.
The deep elf pyromancer points at you and mumbles some strange words.
The bolt of fire hits you! The fire elemental hits you.
The fire elemental burns you! The fire elemental hits you.
The fire elemental burns you!
The deep elf pyromancer hits you but does no damage.
Unknown command.
As you read the scroll of fear, it crumbles to dust.
You assume a fearsome visage.
The fire elemental is unaffected. x2
The deep elf pyromancer looks frightened!
The fire elemental misses you. You block the fire elemental's attack.
The fire elemental hits you. The fire elemental burns you!
The deep elf pyromancer casts a spell.
The deep elf pyromancer blinks!
The fire elemental hits you. The fire elemental burns you!
* * * LOW HITPOINT WARNING * * *
The fire elemental hits you. The fire elemental burns you!
* * * LOW HITPOINT WARNING * * *
The fire elemental hits you. The fire elemental burns you!
* * * LOW HITPOINT WARNING * * *
Unknown command.
Okay, then.
Okay, then.
As you read the scroll labelled KYTATA WYHAATA, it crumbles to dust.
The scroll dissolves into smoke.
It was a scroll of fog.
The fire elemental misses you. The fire elemental hits you.
The fire elemental burns you!
You die...

######....######.......
......e...)............
######....#######......
#.)...)..............
#.##..######........§
#.###.<#°°##.......∩....§
.........°○§'............§
##.###..#EE##.............
#..#§@##....###.....
#..#§§##........####
...#§§##...######
....#..##...#
.....#..##...#
....(.#..##.... #..##.....
.........)


You could see a deep elf pyromancer and 2 fire elementals.

Vanquished Creatures
  3 two-headed ogres
  2 tengu warriors (D:11)
  3 deep elf pyromancers
  4 deep elf zephyrmancers
  An elephant (D:9)
  Psyche (D:11)
  A komodo dragon (D:11)
  2 trolls
  A shadow (D:10)
  2 wraiths
  5 yaks (D:9)
  Grum (D:11)
  A basilisk (D:9)
  A steam dragon (D:8)
  3 vampire mosquitoes (D:10)
  2 water moccasins
  2 orc warriors
  An ice beast (D:8)
  2 black bears
  A necrophage (D:4)
  4 wolves
  2 ogres
  A phantom (D:6)
  A lemure (D:9)
  4 kobold brigands
  7 bullfrogs
  A scorpion (D:5)
  5 killer bees (D:8)
  2 wights (D:12)
  3 howler monkeys
  2 centaur zombies
  2 jellies
  A hound (D:4)
  A centaur skeleton (D:6)
  An orc priest (D:10)
  A gnoll shaman (D:8)
  4 iguanas
  12 orc wizards
  A killer bee zombie (D:8)
  A hound skeleton (D:4)
  2 howler monkey zombies
  3 gnolls (D:8)
  3 adders
  A white imp (D:8)
  An adder skeleton (D:4)
  3 dart slugs
  24 orcs
  An endoplasm (D:2)
  A giant cockroach (D:1)
  4 hobgoblins
  4 jackals (D:1)
  2 quokkas
  5 ball pythons
  A bat (D:1)
  3 frilled lizards
  5 goblins
  18 kobolds
  4 rats
180 creatures vanquished.

Vanquished Creatures (collateral kills)
  Fannar (D:10)
  A wraith (D:10)
  An orc priest (D:10)
3 creatures vanquished.

Vanquished Creatures (others)
  2 fungi
  7 plants
9 creatures vanquished.

Grand Total: 192 creatures vanquished

Notes
Turn   | Place    | Note
-------+----------+-------------------------------------------
     0 | D:1      | Leszczynek the Human Gladiator began the quest for the Orb.
     0 | D:1      | Reached XP level 1. HP: 16/16 MP: 1/1
   150 | D:1      | Reached XP level 2. HP: 12/22 MP: 2/2
   190 | D:1      | Found a faded altar of an unknown god.
   293 | D:1      | Became a worshipper of Trog the Wrathful
   293 | D:1      | Reached * piety under Trog
   294 | D:1      | XD
   294 | D:1      | hube, here we go
   295 | D:1      | You fall into a shaft and drop 1 floor!
   298 | D:2      | Reached skill level 4 in Axes
   298 | D:2      | Reached XP level 3. HP: 9/27 MP: 3/3
   385 | D:1      | HP: 5/27 [kobold (3)]
   580 | D:2      | Reached XP level 4. HP: 13/33 MP: 4/4
   763 | D:2      | Reached skill level 5 in Axes
   927 | D:3      | Found a basalt altar of Yredelemnul.
   958 | D:3      | Noticed Grinder
   959 | D:3      | Noticed Natasha
   968 | D:3      | Paralysed by Grinder for 3 turns
   977 | D:4      | Noticed a necrophage
   987 | D:4      | Reached XP level 5. HP: 31/38 MP: 5/5
   999 | D:4      | Killed a necrophage
  1000 | D:4      | Reached skill level 3 in Fighting
  1000 | D:4      | Reached XP level 6. HP: 45/47 MP: 6/6
  1042 | D:4      | Reached skill level 6 in Axes
  1066 | D:4      | Reached ** piety under Trog
  1151 | D:4      | Identified the +6 scale mail "Qidymm" {Harm Drain Regen+}
  1152 | D:4      | huh
  1267 | D:4      | Found a transporter.
  1280 | D:4      | Found a transporter.
  1280 | D:4      | Noticed a necrophage
  1280 | D:4      | Noticed Megustar's ghost (amateur DEFE)
  1404 | D:5      | Entered Level 5 of the Dungeon
  1425 | D:5      | Reached XP level 7. HP: 52/52 MP: 7/7
  1440 | D:5      | Found a radiant altar of Vehumet.
  1463 | D:5      | Reached skill level 7 in Axes
  1550 | D:5      | Reached skill level 4 in Fighting
  1660 | D:6      | Upgraded the game from 0.28-a0-537-g3bccd9ccbf to
                  | 0.28-a0-556-gab23d0e057
  1740 | D:6      | Reached skill level 5 in Fighting
  1747 | D:6      | Reached XP level 8. HP: 61/63 MP: 8/8
  1798 | D:5      | Reached skill level 6 in Fighting
  1828 | D:5      | Noticed a yak
  1828 | D:5      | Noticed a yak
  2100 | D:7      | Reached skill level 7 in Fighting
  2132 | D:7      | Reached skill level 8 in Fighting
  2309 | D:8      | Found a sparkling altar of Nemelex Xobeh.
  2310 | D:8      | Found a shimmering altar of Xom.
  2343 | D:8      | Reached XP level 9. HP: 75/75 MP: 9/9
  2443 | D:8      | Reached skill level 8 in Axes
  2636 | D:9      | Found a sacrificial altar of Ru.
  2636 | D:9      | Found a glowing golden altar of the Shining One.
  2887 | D:9      | Reached skill level 9 in Axes
  2926 | D:8      | Reached *** piety under Trog
  2931 | D:8      | Reached skill level 10 in Axes
  3016 | D:10     | Entered Level 10 of the Dungeon
  3027 | D:10     | Found a blossoming altar of Fedhas.
  3073 | D:10     | Reached XP level 10. HP: 80/82 MP: 10/10
  3091 | D:10     | Found a stormy altar of Qazlal.
  3109 | D:10     | Reached skill level 11 in Axes
  3142 | D:10     | Noticed Fannar
  3206 | D:10     | Gained mutation: Your spells are a little easier to cast,
                  | but a little less powerful. [potion of mutation]
  3206 | D:10     | Gained mutation: You have a pair of small horns on your
                  | head. [potion of mutation]
  3206 | D:10     | Gained mutation: Your movements are slightly less
                  | encumbered by armour. (ER -2) [potion of mutation]
  3206 | D:10     | Killed Fannar
  3207 | D:10     | Reached skill level 12 in Axes
  3487 | D:11     | Noticed a komodo dragon
  3503 | D:11     | Killed a komodo dragon
  3554 | D:11     | Noticed a tengu warrior
  3573 | D:11     | Killed a tengu warrior
  3573 | D:11     | Noticed a tengu warrior
  3574 | D:11     | Reached skill level 13 in Axes
  3666 | D:10     | Reached XP level 11. HP: 87/87 MP: 11/11
  3729 | D:9      | Identified the +5 hand axe of Nuuxkir {holy, Drain rC-
                  | Dex+8 SInv}
  3747 | D:9      | Reached **** piety under Trog
  3759 | D:9      | Reached skill level 1 in Shields
  3768 | D:9      | Noticed an elephant
  3789 | D:9      | Killed an elephant
  3790 | D:9      | Reached skill level 3 in Shields
  3844 | D:9      | Found a staircase to the Lair.
  3919 | D:9      | Reached skill level 4 in Shields
  3923 | D:9      | Reached skill level 1 in Armour
  3932 | D:9      | Reached skill level 2 in Armour
  3940 | D:9      | Reached skill level 3 in Armour
  4042 | D:11     | Killed a tengu warrior
  4043 | D:11     | Reached skill level 9 in Fighting
  4131 | D:11     | Noticed a deep elf zephyrmancer
  4139 | D:11     | Noticed a two-headed ogre
  4150 | D:11     | Noticed a deep elf pyromancer
  4151 | D:11     | uhhhhhhhhhhhhhhhhhhhhhhhhhhhh
  4152 | D:11     | Noticed a deep elf zephyrmancer
  4154 | D:11     | Noticed a deep elf pyromancer
  4191 | D:10     | jesus
  4216 | D:11     | Noticed a deep elf zephyrmancer
  4231 | D:10     | nice double blink you fucker
  4264 | D:10     | Killed a deep elf zephyrmancer
  4277 | D:11     | Noticed a deep elf pyromancer
  4310 | D:10     | they only blink
  4310 | D:10     | blink blink blink
  4310 | D:10     | where's a potion of attraction when you need it for once
  4356 | D:10     | Killed a two-headed ogre
  4399 | D:10     | Killed a deep elf zephyrmancer
  4400 | D:10     | Reached skill level 10 in Fighting
  4421 | D:10     | Killed a deep elf pyromancer
  4481 | D:11     | Killed a deep elf zephyrmancer
  4510 | D:11     | Noticed Grum
  4590 | D:11     | Killed a deep elf pyromancer
  4591 | D:11     | Reached skill level 11 in Fighting
  4591 | D:11     | Reached XP level 12. HP: 53/100 MP: 12/12
  4611 | D:11     | Killed Grum
  4631 | D:11     | Noticed Psyche
  4665 | D:11     | Killed Psyche
  4798 | D:12     | Found a gate leading to a gauntlet.
  4803 | D:12     | Noticed a two-headed ogre
  4824 | D:12     | Killed a two-headed ogre
  4825 | D:12     | Reached skill level 12 in Fighting
  4871 | D:12     | Noticed a two-headed ogre
  4884 | D:12     | Killed a two-headed ogre
  4904 | D:12     | HP: 20/103 [fire elemental[a deep elf pyromancer] (14)]
  4905 | D:12     | HP: 2/103 [fire elemental[a deep elf pyromancer] (10)]
  4906 | D:12     | Mangled by a fire elemental

Illustrated notes

####....≈....≈...
##.##............w
#####.#.#.............
..).)..#.#............
#####...#....######...
# # ##.##.†.....# ....
# ####..........# .#
#.........###### ..#
#.#.......#..#@# ...#
...#.......#..#.#.P..#
....#........P≈.≈.#
....#.....P..⌠.≈..#
..........P....⌠P.#
.............P≈≈..#
....###.#..........#
... #.....P..≈..P#
####.######....


Turn 294 on D:1: XD ########### .....>.@..# .##.#.###.# # #.# #.# #. #.# #.# #.#
#.# #.# #.# #.# #.# ###.#########.# Turn 1152 on D:4: huh #..# #...#
#..######...####### #.................. #.................. #..................
#..######.......... #..# #.......... #.O# #.......... #.@######..........
#.................. #...........(...... #...........<...... #..................
####.................. ...e.................. ......................
.......#####...####### Turn 4151 on D:11: uhhhhhhhhhhhhhhhhhhhhhhhhhhhh
#.####........................#.# #.# #..........#######.......## .
#.....#......#.# #........# #.###...####.#.# #########.# ..# ##.## #.#.#### .#
#.# #. #.#.#.. .# #.# #.#####.#.#.# ## #.# #.......#.#.# #.# ###........@#
..######.#####.### .........# #.# .....##### #.# ####.# #.# #.# #(# #.# #.# #.#
#.# #.. ..# Turn 4191 on D:10: jesus .##.# #.# #.# .)... #.# #.# ..#.# #.# #.#
..### #.# #.# ..## #.# #.##### ...## #.# #.<...# ....# ##.###### #####.# ##..#
#.......# #...# #.....@.# #...# #.......### #...#######.........##
...................#.#######. ....#######.......###........ ..#.#
#........#.######## #.#.# #########.## #.#.###############.#
#.#.#...............# Turn 4231 on D:10: nice double blink you fucker .##.# #.#
#.# .)... #.# #.# ..#.# #.# #.# ..### #.# #.# ..## #.# #.##### ...## #.# #.<...#
....# ##.###### #####.# ##..# #.......# #...# #.....@.# #...# #.......###
#...#######.........## ...................#.#######.
....#######.......###[....... ..#.# #........#.######## #.#.# #########.##
#.#.###############.# #.#.#...............# Turn 4310 on D:10: they only blink

Levels and vault maps discovered:
D:1:      mrwooster_arrival_statue_3, layout_loops_cross,
          shapermc_ecumenical_altar_mp_ritualfount, skrybe_limestone_x,
          minmay_worlds_worst_comb
D:2:      layout_rooms
D:3:      layout_basic, yredelemnul_altar_generic, grunt_ministairs_14,
          uniq_natasha, uniq_jessica, uniq_terence, uniq_sigmund, uniq_grinder
D:4:      layout_basic, minmay_temple_entry_statues_pillars,
          gammafunk_ghost_arena
D:5:      layout_cave_pods, vehumet_altar_wand_db
D:6:      layout_basic, chequers_avenue
D:7:      layout_loops_ring, nicolae_hepliaklqana_hazy_memory, hex_large,
          dk_noncrumbling_4
D:8:      layout_basic, jmf_multi_god_temple, kennysheep_opposing_triangles
D:9:      layout_small_grid, amethyst_overflow_temple_binary,
          david_lair_generic, uniq_pikel
D:10:     layout_loops_ring, kennysheep_mini, lemuel_round_altar,
          hangedman_decor_growths, uniq_fannar
D:11:     layout_small_grid, elves_outpost_lemuel, uniq_grum, uniq_psyche
D:12:     layout_basic, david_orc_5, serial_shops, nicolae_shop_stone,
          serial_undead, serial_undead_e, serial_undead_d, serial_undead_e,
          serial_undead_c, gauntlet_entry_generic

Skill      XL: |  1  2  3  4  5  6  7  8  9 10 11 12 |
---------------+-------------------------------------+-----
Axes           | 4 5 6 7 10 13 | 13.7
Fighting       | 3 5 8 11 12 | 12.5
Shields        | 4 |  4.0
Armour         | 3 |  3.0
Throwing       | |  2.0
Dodging        | |  3.0

Action                   |  1- 3 |  4- 6 |  7- 9 | 10-12 || total
-------------------------+-------+-------+-------+-------++-------
Melee: War axe           |    94 |    68 |   243 |   315 ||   720
       Headbutt          |       |       |       |    73 ||    73
 Fire: Hunting sling     |       |    13 |     6 |     3 ||    22
Throw: Throwing net      |       |     2 |     2 |       ||     4
Invok: Berserk           |     2 |     3 |     6 |     9 ||    20
       Trog's Hand       |       |     1 |     3 |     4 ||     8
       Brothers in Arms  |       |       |       |     1 ||     1
Evoke: Wand              |       |       |       |     3 ||     3
  Use: Scroll            |       |       |     7 |     7 ||    14
       Potion            |       |       |     1 |     4 ||     5
Armor: Leather armour    |    29 |    17 |       |       ||    46
       Scale mail        |       |     6 |   160 |   150 ||   316
Dodge: Dodged            |    81 |    39 |   136 |   167 ||   423
Block: Buckler           |       |       |       |    37 ||    37

Table legend: (Time is in decaauts)
 A = Elapsed time spent in this place.
 B = Non-inter-level travel time spent in this place.
 C = Inter-level travel time spent in this place.
 D = Time resting spent in this place.
 E = Time spent auto-exploring this place.
 F = Levels seen in this place.
 G = Mean time per level.
                   A        B        C        D        E       F      G
               +--------+--------+--------+--------+--------+-----+--------+
         Total |   5241 |   4983 |    258 |      2 |      0 |  12 |  436.8 |
       Dungeon |   5241 |   4983 |    258 |      2 |      0 |  12 |  436.8 |
               +--------+--------+--------+--------+--------+-----+--------+

Top non-repeatable levels by time:
    D:10: 994 daAuts
     D:1: 643 daAuts
    D:11: 583 daAuts
     D:4: 529 daAuts
     D:9: 524 daAuts
     D:8: 511 daAuts
     D:6: 388 daAuts
     D:2: 349 daAuts
     D:7: 287 daAuts
     D:5: 219 daAuts
    D:12: 124 daAuts
     D:3: 85 daAuts
